 Dungeon Sprint DCSS version 0.30-a0-691-g754fce4c43 (webtiles) character file.

Game seed: 6901554627671426579

13934 BigDaddyOpFi the End of an Era (level 11, -5/97 HPs)
             Began as a Demonspawn Fighter on Jan 19, 2023.
             Was the Champion of Qazlal.
             Slain by a vampire knight
             ... wielding a +0 great mace
              (34 damage)
             ... in the Dungeon (Sprint VII: "The Pits").
             The game lasted 00:05:38 (3010 turns).

BigDaddyOpFi the End of an Era (Demonspawn Fighter) Turns: 3010, Time: 00:05:39

Health: -5/97      AC: 20    Str: 21    XL:     11   Next: 82%
Magic:  25/25      EV: 13    Int: 13    God:    Qazlal [******]
Gold:   21         SH: 19    Dex: 12    Spells: 10/10 levels left

rFire   . . .      SeeInvis .    r - +12 broad axe "Xushudwi" {venom, *Corrode rC+++ rN+}
rCold   + + +      Faith    .    c - +0 buckler
rNeg    + . .      Spirit   .    l - +4 plate armour
rPois   .          Reflect  .    (no helmet)
rElec   .          Harm     .    q - +0 cloak
rCorr   .          Rampage  .    (no gloves)
Will    .....      NoTele   +    (no boots) Stlth
                                 s - amulet of the acrobat
HPRegen 0.36/turn                d - +3 ring of intelligence
MPRegen 0.19/turn                o - +3 ring of evasion

@: repel missiles
A: repulsion field 2, demonic guardian 1, condensation shield, demonic touch 2,
mutation resistance 1
a: Renounce Religion, Upheaval, Elemental Force, Disaster Area


You were in the Dungeon.
You worshipped Qazlal.
Qazlal was exalted by your worship.
You visited 1 branch You collected 21 gold pieces.

Inventory:

Hand Weapons
 p - the +2 war axe of Xoxkif {heavy, rC++ Will- Str+2}
   (You found it in the Dungeon)

   Str:       It affects your strength (+2).
   rC:        It greatly protects you from cold.
   Will:      It decreases your willpower.
 r - the +12 broad axe "Xushudwi" (weapon) {venom, *Corrode rC+++ rN+}
   (You acquired it in the Dungeon)

   rC:        It renders you almost immune to cold.
   rN:        It protects you from negative energy.
   *Corrode:  It may corrode you when you take damage.
Armour
 c - a +0 buckler (worn)
 l - a +4 plate armour (worn)
 q - a +0 cloak (worn)
Jewellery
 a - a ring of fire
 d - a +3 ring of intelligence (left hand)
 o - a +3 ring of evasion (right hand)
 s - an amulet of the acrobat (around neck)
 t - a ring of protection from fire
Wands
 b - a wand of digging (6) (quivered)
Scrolls
 j - 5 scrolls of blinking
 v - a scroll of identify
 w - a scroll of fear
 x - 4 scrolls of enchant weapon
Potions
 e - 5 potions of curing
 f - 10 potions of heal wounds
 g - a potion of haste
 h - 4 potions of magic
 i - 4 potions of berserk rage
 k - 2 potions of invisibility
 m - 2 potions of might
 n - 2 potions of brilliance
 z - a potion of mutation
Miscellaneous
 u - a piece from Xom's chessboard (15/15)


   Skills:
 + Level 12.9 Fighting
 + Level 11.7 Axes
 + Level 11.9 Armour
 + Level 12.0 Shields
 * Level 21.8 Invocations


You had 10 spell levels left.
You didn't know any spells.
Your spell library contained the following spells:

 Spells                   Type           Power      Damage    Failure   Level
 Passage of Golubria      Tloc           0%         N/A       100%        4
 Silence                  Hex/Air        0%         N/A       100%        5
 Lehudib's Crystal Spear  Conj/Erth      0%         10d2      100%        8


Dungeon Overview and Level Annotations

Branches:
Dungeon (1/1)

Altars:
Ashenzari
Cheibriados
Dithmenos
Fedhas
Gozag
Hepliaklqana
Kikubaaqudgha
Makhleb
Nemelex Xobeh
Okawaru
Qazlal
Ru
Sif Muna
Trog
Uskayaw
Vehumet
Wu Jian
Xom
Yredelemnul
Jiyva
Lugonu


Innate Abilities, Weirdness & Mutations

You are surrounded by a moderate repulsion field. (EV +3)
A weak demonic guardian rushes to your aid.
A meltable shield of frost defends you. (SH +4)
Your touch may inflict irresistible damage on your foes.
You are somewhat resistant to further mutation.


Message History

The vampire knight misses you.
The vampire knight bites you but does no damage.
You slash the vampire knight!
The vampire knight is heavily damaged.
The vampire knight draws life force from you!
The vampire knight is healed by the life force!
You closely miss the vampire knight.
The vampire knight is heavily damaged.
You block the vampire knight's attack.
The vampire knight bites you but does no damage.
You hit the vampire knight.
The vampire knight is heavily damaged.
You block the vampire knight's attack. x2
You completely miss the vampire knight.
The vampire knight is heavily damaged.
The vampire knight casts a spell.
The vampire knight flickers and vanishes!
Deactivating autopickup; reactivate with Ctrl-A.
You barely miss something.
You hear some strange, mumbled words.
You suddenly lose the ability to move!
Something hits you! Something bites you but does no damage.
You hear some strange, mumbled words.
You shrug off the repeated paralysis!
Something draws life force from you. Something hits you but does no damage.
Something bites you!
Something draws strength from your injuries!
You can move again.
You slash something! Something hits you!!!
* * * LOW HITPOINT WARNING * * *
You block something's attack.
Unknown command.
You feel much better. Something hits you. Something bites you!
Something draws strength from your injuries!
You hit something but do no damage. Something draws life force from you!
Something hits you!
* * * LOW HITPOINT WARNING * * *
Something bites you but does no damage.
You slash something! Something hits you!!
You die...

########################
..............°☼)°§.....
................@{......
#############++#########
, , , , ,, ,, ,


There were no monsters in sight!

Vanquished Creatures
  Saint Roka (D)
  A deep elf sorcerer (D)
  A two-headed ogre (D)
  4 death yaks (D)
  A sea snake (D)
  A spriggan druid (D)
  A deep elf zephyrmancer (D)
  A lindwurm (D)
  An ugly thing (D)
  An orc sorcerer (D)
  Joseph (D)
  A cane toad (D)
  2 molten gargoyles (D)
  A demonic crawler (D)
  A polar bear (D)
  A hornet (D)
  A tarantella (D)
  2 tyrant leeches (D)
  A jumping spider (D)
  A flying skull (D)
  A wyvern (D)
  A spriggan (D)
  A steam dragon (D)
  2 redbacks (D)
  3 vampire mosquitoes (D)
  An acid dragon (D)
  A water moccasin (D)
  An orc warrior (D)
  A sky beast (D)
  4 wolves (D)
  A centaur (D)
  2 phantoms (D)
  A kobold brigand (D)
  A gnoll sergeant (D)
  A jelly (D)
  A quasit (D)
  A gnoll bouda (D)
  2 orc priests (D)
  3 orc wizards (D)
  A mummy (D)
  11 gnolls (D)
  A river rat (D)
  3 white imps (D)
  9 orcs (D)
  2 endoplasms (D)
  A goblin (D)
  A hobgoblin (D)
  6 jackals (D)
  A kobold (D)
  A quokka (D)
  A ball python (D)
  A ball python zombie (D)
  A bat (D)
  A giant cockroach simulacrum (D)
  2 rats (D)
97 creatures vanquished.

Vanquished Creatures (collateral kills)
  Sigmund (D)
  An orc warrior (D)
2 creatures vanquished.

Grand Total: 99 creatures vanquished

Notes
Turn   | Place    | Note
-------+----------+-------------------------------------------
     0 | D        | BigDaddyOpFi the Demonspawn Fighter began the quest for the
                  | Orb.
     0 | D        | Reached XP level 1. HP: 18/18 MP: 1/1
    19 | D        | Gained mutation: You are surrounded by a mild repulsion
                  | field. (EV +2) [demonic ancestry]
    19 | D        | Reached XP level 2. HP: 21/24 MP: 2/2
    23 | D        | Found a bloodstained altar of Trog.
    23 | D        | Found a shimmering blue altar of Sif Muna.
    23 | D        | Found a viscous altar of Jiyva.
    23 | D        | Found a hazy altar of Hepliaklqana.
    23 | D        | Found an opulent altar of Gozag.
    24 | D        | Found a basalt altar of Yredelemnul.
    24 | D        | Found a shimmering altar of Xom.
    24 | D        | Found an ornate altar of the Wu Jian Council.
    24 | D        | Found a sacrificial altar of Ru.
    24 | D        | Found a stormy altar of Qazlal.
    24 | D        | Found an iron altar of Okawaru.
    24 | D        | Found a sparkling altar of Nemelex Xobeh.
    24 | D        | Found a burning altar of Makhleb.
    24 | D        | Found a blossoming altar of Fedhas.
    24 | D        | Found a shadowy altar of Dithmenos.
    24 | D        | Found a snail-covered altar of Cheibriados.
    26 | D        | Found a radiant altar of Vehumet.
    26 | D        | Found a corrupted altar of Lugonu.
    27 | D        | Found a hide-covered altar of Uskayaw.
    27 | D        | Found an ancient bone altar of Kikubaaqudgha.
    27 | D        | Found a broken altar of Ashenzari.
    31 | D        | Became a worshipper of Qazlal Stormbringer
    68 | D        | Reached * piety under Qazlal
    69 | D        | Reached skill level 1 in Invocations
   133 | D        | Reached ** piety under Qazlal
   136 | D        | Reached skill level 2 in Invocations
   158 | D        | Reached *** piety under Qazlal
   166 | D        | Reached skill level 3 in Invocations
   166 | D        | Reached XP level 3. HP: 10/30 MP: 3/5
   313 | D        | Noticed a phantom
   313 | D        | Noticed a flying skull
   313 | D        | Noticed a sky beast
   333 | D        | Killed a flying skull
   333 | D        | Reached **** piety under Qazlal
   334 | D        | Reached skill level 5 in Fighting
   334 | D        | Reached skill level 5 in Armour
   334 | D        | Reached skill level 5 in Shields
   334 | D        | Reached skill level 7 in Invocations
   334 | D        | Gained mutation: You are surrounded by a moderate repulsion
                  | field. (EV +3) [demonic ancestry]
   334 | D        | Reached XP level 4. HP: 35/39 MP: 5/9
   334 | D        | Gained mutation: Your touch may inflict minor irresistible
                  | damage on your foes. [demonic ancestry]
   334 | D        | Reached XP level 5. HP: 39/44 MP: 5/10
   340 | D        | Killed a phantom
   341 | D        | Reached skill level 8 in Invocations
   356 | D        | Killed a sky beast
   357 | D        | Reached skill level 5 in Axes
   357 | D        | Reached skill level 9 in Invocations
   357 | D        | Gained mutation: A weak demonic guardian rushes to your
                  | aid. [demonic ancestry]
   357 | D        | Reached XP level 6. HP: 34/53 MP: 8/13
   429 | D        | Reached ***** piety under Qazlal
   432 | D        | Noticed a two-headed ogre
   442 | D        | Killed a two-headed ogre
   443 | D        | Reached skill level 12 in Invocations
   443 | D        | Gained mutation: A meltable shield of frost defends you.
                  | (SH +4) [demonic ancestry]
   443 | D        | Reached XP level 7. HP: 7/61 MP: 13/16
   822 | D        | Noticed Sigmund
   854 | D        | Killed Sigmund
   855 | D        | Reached skill level 13 in Invocations
   855 | D        | Reached XP level 8. HP: 63/68 MP: 17/17
   880 | D        | Noticed Joseph
   881 | D        | Killed Joseph
  1063 | D        | Got the +2 war axe of Xoxkif {heavy, rC++ Will- Str+2}
  1140 | D        | Noticed a death yak
  1148 | D        | Reached skill level 14 in Invocations
  1148 | D        | Killed a death yak
  1149 | D        | Reached skill level 15 in Invocations
  1149 | D        | Reached XP level 9. HP: 76/76 MP: 18/20
  1149 | D        | Noticed an orc sorcerer
  1150 | D        | Noticed an orange demon
  1150 | D        | Paralysed by an orc sorcerer for 5 turns
  1154 | D        | Noticed a red devil
  1155 | D        | Reached ****** piety under Qazlal
  1155 | D        | Killed an orc sorcerer
  1156 | D        | Noticed a deep elf zephyrmancer
  1158 | D        | Noticed a tyrant leech
  1159 | D        | Noticed a death yak
  1164 | D        | Reached skill level 16 in Invocations
  1165 | D        | Killed a tyrant leech
  1166 | D        | Killed a death yak
  1167 | D        | Reached skill level 10 in Fighting
  1187 | D        | Killed a deep elf zephyrmancer
  1188 | D        | Reached skill level 17 in Invocations
  1188 | D        | Gained mutation: Your touch may inflict irresistible damage
                  | on your foes. [demonic ancestry]
  1188 | D        | Reached XP level 10. HP: 64/86 MP: 10/22
  1323 | D        | Noticed a cane toad
  1335 | D        | Killed a cane toad
  1541 | D        | Reached skill level 18 in Invocations
  1543 | D        | Reached skill level 10 in Armour
  1543 | D        | Reached skill level 10 in Shields
  1548 | D        | Noticed a deep elf sorcerer
  1548 | D        | Noticed a lindwurm
  1548 | D        | Noticed a spriggan druid
  1549 | D        | Killed a deep elf sorcerer
  1549 | D        | Killed a spriggan druid
  1549 | D        | Killed a lindwurm
  1550 | D        | Reached skill level 10 in Axes
  1550 | D        | Reached skill level 19 in Invocations
  1835 | D        | Noticed a molten gargoyle
  1836 | D        | Killed a molten gargoyle
  1837 | D        | Reached XP level 11. HP: 94/94 MP: 15/24
  2031 | D        | Noticed a death yak
  2036 | D        | Killed a death yak
  2037 | D        | Reached skill level 20 in Invocations
  2042 | D        | Noticed a death yak
  2042 | D        | Noticed a sea snake
  2044 | D        | Killed a death yak
  2051 | D        | Killed a sea snake
  2283 | D        | Acquired the +12 broad axe "Xushudwi" {venom, *Corrode
                  | rC+++ rN+}
  2365 | D        | Gained mutation: You occasionally lose the ability to read
                  | scrolls when taking damage. [potion of mutation]
  2365 | D        | Gained mutation: You passively map a small area around you.
                  | [potion of mutation]
  2365 | D        | Gained mutation: You are vulnerable to heat. (rF-) [potion
                  | of mutation]
  2366 | D        | Lost mutation: You passively map a small area around you.
                  | [potion of mutation]
  2366 | D        | Lost mutation: You are vulnerable to heat. (rF-) [potion of
                  | mutation]
  2366 | D        | Lost mutation: You occasionally lose the ability to read
                  | scrolls when taking damage. [potion of mutation]
  2366 | D        | Gained mutation: You are somewhat resistant to further
                  | mutation. [potion of mutation]
  2457 | D        | Noticed Saint Roka
  2478 | D        | Killed Saint Roka
  2479 | D        | Reached skill level 21 in Invocations
  2725 | D        | Noticed a red ugly thing
  2734 | D        | Killed a red ugly thing
  2991 | D        | Noticed a vampire knight
  3002 | D        | Paralysed by something for 5 turns
  3010 | D        | Slain by a vampire knight

Illustrated notes

Levels and vault maps discovered:
D:        pitsprint [storerooms_1, entrance_room_1, metal_vault_5, armoury_2,
          mini_pit_1, grid_room_1, main_hall_1, silver_pit, the_coven_3,
          the_vestibule_1, steel_vault_1, golden_pit, hallway_of_sentries,
          crystal_vault_3, iron_vault_2, final_vault]

Skill      XL: |  1  2  3  4  5  6  7  8  9 10 11 |
---------------+----------------------------------+-----
Axes           | 2 3 4 5 6 7 8 9 10 11 | 11.7
Armour         | 3 5 7 8 9 10 11 | 11.9
Shields        | 3 5 7 8 9 10 12 | 12.0
Invocations    | 3 7 9 12 13 15 17 19 21 | 21.8
Fighting       | 4 5 6 7 9 10 11 12 | 12.9

Action                   |  1- 3 |  4- 6 |  7- 9 | 10-12 || total
-------------------------+-------+-------+-------+-------++-------
Melee: War axe           |    43 |    33 |    37 |    25 ||   138
       Broad axe         |       |       |       |    51 ||    51
Invok: Disaster Area     |       |       |     3 |     6 ||     9
  Use: Potion            |     3 |     2 |       |     9 ||    14
       Scroll            |       |       |       |     3 ||     3
 Stab: Distracted        |       |       |       |     1 ||     1
Armor: Scale mail        |    13 |       |       |       ||    13
       Plate armour      |     9 |    12 |    20 |    19 ||    60
Dodge: Dodged            |    21 |     7 |    15 |    32 ||    75
       Repelled          |       |       |     3 |       ||     3
Block: Buckler           |    26 |    10 |    25 |   105 ||   166

Table legend: (Time is in decaauts)
 A = Elapsed time spent in this place.
 B = Non-inter-level travel time spent in this place.
 C = Inter-level travel time spent in this place.
 D = Time resting spent in this place.
 E = Time spent auto-exploring this place.
 F = Levels seen in this place.
 G = Mean time per level.
                   A        B        C        D        E       F      G
               +--------+--------+--------+--------+--------+-----+--------+
         Total |   3075 |   3007 |     68 |   2198 |      0 |   1 | 3075.0 |
       Dungeon |   3075 |   3007 |     68 |   2198 |      0 |   1 | 3075.0 |
               +--------+--------+--------+--------+--------+-----+--------+

Top non-repeatable levels by time:
       D: 3075 daAuts
